 Dungeon Crawl Stone Soup version 0.15-a0-244-g7dd1917 (webtiles) character file.

131 PolkaDot the Ruinous (level 3, 0/24 HPs)
             Began as a Vampire Conjurer on Apr 26, 2014.
             Succumbed to an adder's poison
             ... on Level 2 of the Dungeon.
             The game lasted 00:03:48 (944 turns).

PolkaDot the Ruinous (Vampire Conjurer)              Turns: 944, Time: 00:03:48

HP   0/24        AC  3     Str  7      XL: 3   Next:  8%
MP   0/6         EV 12     Int 18      God:
Gold 99          SH  0     Dex 14      Spells:  2 memorised,  3 levels left

rFire  + + .     SeeInvis +     i - +1 short sword (speed)
rCold  . . .     Clarity  .     a - +0 robe
rNeg   . . .     Conserve .     (no shield)
rPois  .         rCorr    .     (no helmet)
rElec  .         rRot     .     (no cloak)
SustAb . .       Spirit   .     b - +0 pair of gloves
rMut   .         Warding  .     (no boots)
Saprov . . .     Stasis   .     m - amulet of faith {unknown}
MR     .....                    l - ring of protection from fire {unknown}
                                k - ring of protection from fire {unknown}

@: regenerating quickly, lethally poisoned, very slightly contaminated, hasted,
very quick, not resistant to hostile enchantments, stealthy
A: fangs 3, see invisible, unbreathing
a: no special abilities


You were on level 2 of the Dungeon.
You were very full.

You visited 1 branch of the dungeon, and saw 2 of its levels.

You collected 99 gold pieces.

Inventory:

Hand weapons
 i - a +1,+1 short sword of speed (weapon)
Armour
 a - a +0 robe (worn)
 b - a +0 pair of gloves (worn)
Scrolls
 f - a scroll of identify {unknown}
 g - a scroll of recharging {unknown}
 h - a scroll of enchant armour {unknown}
 j - a scroll of teleportation {unknown}
 n - a scroll of remove curse {unknown}
Jewellery
 k - a ring of protection from fire (left hand) {unknown}
 l - a ring of protection from fire (right hand) {unknown}
 m - an amulet of faith (around neck) {unknown}
Books
 c - a book of Conjurations

   Spells                             Type                      Level
   *Magic Dart                        Conjuration                  1
   *Searing Ray                       Conjuration                  2
   Dazzling Spray                     Conjuration/Hexes            3
   Fulminant Prism                    Conjuration/Hexes            4
   Iskenderun's Mystic Blast          Conjuration                  4
   Iskenderun's Battlesphere          Conjuration/Charms           5


   Skills:
 - Level 2.1 Dodging
 - Level 3.0 Stealth
 - Level 2.0 Spellcasting
 * Level 3.7 Conjurations


You had 3 spell levels left.
You knew the following spells:

 Your Spells              Type           Power        Failure   Level  Hunger
a - Magic Dart            Conj           ###.         4%          1    #......
s - Searing Ray           Conj           ###...       8%          2    ##.....


Dungeon Overview and Level Annotations

Branches:
Dungeon (2/15)

Altars:


Innate Abilities, Weirdness & Mutations

Your natural rate of healing is unusually fast.
You have razor-sharp teeth.*
You have supernaturally acute eyesight.
You can survive without breathing.*


Message History

* * * LOW MAGIC WARNING * * *
The adder bites you.
* * * LOW HITPOINT WARNING * * *
The searing ray hits the adder.
You kill the adder!
You have reached level 3!
Your experience leads to an increase in your attributes!
Increase (S)trength, (I)ntelligence, or (D)exterity?
You feel clever.
If you weren't so full you could now transform into a vampire bat.
* * * LOW MAGIC WARNING * * *;
* * * LOW HITPOINT WARNING * * *
You feel sick.
Drink which item? (? for menu, Esc to quit)
You feel yourself speed up.
It was a potion of haste.
You are very lightly contaminated with residual magic.
Drink which item? (? for menu, Esc to quit)
You feel refreshed.
It was a potion of restore abilities.
You see here 3 darts.
There is an open door here.
You die...

...############
..............#
.......... ...#####
..(.......##..# ..#
.....#.......S#.#.#
..#....###.#..#.#.#
..#....##..#....#(#
.............)###'####
##......#.####..@....#
#........#.>........#
#...........#.......#
.####.#......#.......#
.............#.....$.#
......########.......#
.....(# #########
......# ......#


There were no monsters in sight!

Vanquished Creatures
  An adder (D:2)
  A giant gecko (D:2)
  An ooze (D:1)
  2 goblins (D:1)
  A hobgoblin (D:2)
  2 jackals (D:1)
  A bat (D:1)
  2 giant cockroaches (D:1)
  3 giant newts
  4 kobolds
  6 rats
24 creatures vanquished.

Notes
Turn   | Place    | Note
--------------------------------------------------------------
     0 | D:1      | PolkaDot, the Vampire Conjurer, began the quest for the Orb.
     0 | D:1      | Reached XP level 1. HP: 13/13 MP: 3/3
   381 | D:1      | Reached XP level 2. HP: 19/19 MP: 2/4
   535 | D:1      | Learned a level 2 spell: Searing Ray
   939 | D:2      | Reached XP level 3. HP: 2/24 MP: 1/6
   939 | D:2      | HP: 1/24 [poisoned by an adder]
   944 | D:2      | Succumbed to an adder's poison

Action                   || total
-------------------------++-------
Melee: Unarmed           ||    25
       Short sword       ||    25
       Dagger            ||     4
 Cast: Magic Dart        ||    22
       Searing Ray       ||     2
  Use: Potion            ||     3
